 Dungeon Crawl Stone Soup version 0.31.0-11-ge490571c62 (webtiles) character file.

Game seed: 6454281129976049775

49041 Flugkiller the Summoner (level 14, 0/148 HPs)
             Began as a Vine Stalker Ice Elementalist on Feb 3, 2024.
             Was a High Priest of Sif Muna.
             Succumbed to a black mamba's poison
             ... on level 4 of the Lair of Beasts.
             The game lasted 00:31:48 (4815 turns).

Flugkiller the Summoner (VSIE)                      Turns: 4815, Time: 00:31:49

Health: 0/148      AC: 39    Str: 10    XL:     14   Next: 4%
Magic:  9/31       EV:  2    Int: 19    God:    Sif Muna [*****.]
Gold:   783        SH:  0    Dex: 17    Spells: 22/37 levels left

rFire   + . .        x - +3 glaive (freeze)
rCold   . . .        (shield currently unavailable)
rNeg    . . .        w - melded +0 steam dragon scales
rPois   +            (helmet currently unavailable)
rElec   .            B - melded +0 cloak
rCorr   .            (gloves currently unavailable)
SInv    .            o - melded +2 pair of boots
Will    +....        i - amulet of regeneration Stlth
                     p - ring of protection from fire
HPRegen 2.04/turn    s - +4 ring of protection
MPRegen 0.22/turn

%: guardian spirit
@: berserking, lethally poisoned (0 -> -26), ice-armoured, tree-form, very quick
A: stationary, stasis, torment immunity, boosted hp, (fangs 3), regeneration 1,
magic shield, (antimagic bite), no potion heal 2
a: Renounce Religion, Channel Magic, Forget Spell, Divine Exegesis


You were on level 4 of the Lair of Beasts.
You worshipped Sif Muna.
Sif Muna was extremely pleased with you.
You were a tree.
You visited 3 branches of the dungeon, and saw 15 of its levels.
You also visited: Sewer and Ossuary.

You collected 783 gold pieces.

Inventory:

Hand Weapons
 l - the +0 whip of Impeachment {spect, rC+ Int+3 Dex+2}
   (You found it on level 6 of the Dungeon)

   Int+3:     It affects your intelligence (+3).
   Dex+2:     It affects your dexterity (+2).
   rC+:       It protects you from cold.
 m - a +5 heavy flail
   (You took it off Edmund on level 6 of the Dungeon)
 x - a +3 glaive of freezing (weapon)
   (You took it off Blork the orc on level 5 of the Dungeon)
 J - a +1 dagger of venom
   (You took it off a spriggan on level 5 of the Lair of Beasts)
Missiles
 E - 3 curare-tipped darts
Armour
 o - a +2 pair of boots (melded)
   (You found it in a sewer)
 w - +0 steam dragon scales (melded)
   (You found it on level 8 of the Dungeon)
 B - a +0 cloak (melded)
   (You found it on level 8 of the Dungeon)
Magical Staves
 g - a staff of cold
   (You found it on level 2 of the Dungeon)
 C - a staff of air
   (You found it on level 8 of the Dungeon)
Jewellery
 e - a ring of ice
   (You found it on level 2 of the Dungeon)
 i - an amulet of regeneration (around neck)
   (You took it off a goblin on level 2 of the Dungeon)
 p - a ring of protection from fire (left branch)
   (You found it on level 3 of the Dungeon)
 s - a +4 ring of protection (right branch)
   (You found it on level 4 of the Dungeon)
 u - a +6 ring of dexterity
   (You found it on level 4 of the Dungeon)
 K - the ring "Iddoogo" {Ice rElec rCorr Str-4}
   (You found it on level 5 of the Lair of Beasts)

   [ring of ice]

   Ice:       It enhances your ice magic.
   Str-4:     It affects your strength (-4).
   rF-:       It makes you vulnerable to fire.
   rC+:       It protects you from cold.
   rElec:     It insulates you from electricity.
   rCorr:     It protects you from acid and corrosion.
Wands
 j - a wand of flame (33)
   (You found it on level 3 of the Dungeon)
 G - a wand of paralysis (2)
   (You found it in a sewer)
 I - a wand of polymorph (7)
   (You found it on level 5 of the Lair of Beasts)
Scrolls
 a - a scroll of vulnerability
 n - a scroll of fog
 t - 2 scrolls of teleportation
 y - 2 scrolls of enchant weapon
 A - a scroll of poison {unknown}
 F - a scroll of fear {unknown}
 M - a scroll of torment {unknown}
Potions
 b - 2 potions of magic
 c - 3 potions of lignification
 d - 4 potions of might
 f - a potion of brilliance
 h - 3 potions of haste
 k - a potion of mutation {unknown}
 v - a potion of berserk rage
 z - a potion of resistance {unknown}
 H - 2 potions of invisibility {unknown}
 L - a potion of degeneration {unknown}
Miscellaneous
 q - a tin of tremorstones (inert)
   (You found it on level 5 of the Lair of Beasts)
 r - a phantom mirror
   (You found it on level 4 of the Lair of Beasts)
 D - a box of beasts
   (You found it on level 2 of the Lair of Beasts)


   Skills:
 - Level 4.0 Fighting
 - Level 1.5 Dodging
 - Level 2.4 Stealth
 - Level 12.0 Spellcasting
 - Level 12.0 Conjurations
 + Level 12.4 Summonings
 - Level 7.0 Ice Magic
 - Level 6.7 Alchemy
 - Level 7.0 Invocations


You had 22 spell levels left.
You knew the following spells:

 Your Spells              Type           Power      Damage    Failure   Level
a - Freeze                Ice            100%       1d10      1%          1
b - Frozen Ramparts       Ice            76%        1d12      1%          3
c - Ozocubu's Armour      Ice            38%        N/A       1%          3
d - Summon Ice Beast      Ice/Summ       48%        N/A       1%          3
i - Irradiate             Conj/Alch      23%        3d19      3%          5

Your spell library contained the following spells:

 Spells                   Type           Power      Damage    Failure   Level
 Kiss of Death            Conj/Necr      100%       2d13      1%          1
 Searing Ray              Conj           100%       2d8       1%          2
 Fulminant Prism          Conj/Alch      23%        3d12      1%          4
 Iskenderun's Battlesphe  Conj           54%        2d10      1%          5
 Flame Wave               Conj/Fire      34%        2d10      4%          4
 Iskenderun's Mystic Bla  Conj/Tloc      34%        2d8       4%          4
 Sandblast                Erth           22%        2d7       6%          1
 Arcjolt                  Conj/Air       17%        1d27      14%         5
 Leda's Liquefaction      Alch/Erth      12%        N/A       16%         4
 Petrify                  Alch/Erth      24%        N/A       16%         4
 Sticky Flame             Fire/Alch      24%        2d6       16%         4
 Inner Flame              Hex/Fire       11%        N/A       19%         3
 Tukima's Dance           Hex            11%        N/A       19%         3
 Spellforged Servitor     Conj/Summ      27%        N/A       34%         7
 Metabolic Englaciation   Hex/Ice        12%        N/A       36%         5
 Dimensional Bullseye     Hex/Tloc       5%         N/A       52%         4
 Bombard                  Conj/Erth      17%        9d3       61%         6
 Borgnjor's Vile Clutch   Necr/Erth      5%         N/A       86%         5
 Ignition                 Fire           5%         3d4       100%        8


Dungeon Overview and Level Annotations

Branches:
Dungeon (9/15) Zot: 26843  Temple (1/1) D:5 Zot: 5981    Lair (5/5) D:9 Zot: 25648
 Shoals (0/4) Lair:3        Snake (0/4) Lair:3        Sewer (visited)
Ossuary (visited)
  Slime: Lair:4-5       Orc: D:9-12

Altars:
Ashenzari
Elyvilon
Fedhas
Gozag
Hepliaklqana
Kikubaaqudgha
Makhleb
Okawaru
Qazlal
Ru
Sif Muna
Trog
Uskayaw
Vehumet
Xom
Yredelemnul
Zin
The Shining One

Shops:
D:4 =

Annotations:
Lair:3 2 transporters
Lair:4 slime


Innate Abilities, Weirdness & Mutations

You are a tree.
Your roots penetrate the ground, keeping you stationary.
You cannot be teleported.
You are immune to unholy pain and torment.
Your maximum health is greatly increased.
Your equipment is partially melded.
((You have razor-sharp teeth.))
Your natural rate of healing is unusually fast.
When hurt, damage is shared between your health and your magic reserves.
((Your bite disrupts and absorbs the magic of your enemies.))
Potions cannot restore your health.


Message History

Sif Muna accepts your kill.
Your icy armour cracks and falls away as you move.
You see here a skyshark corpse.
Found a scroll of teleportation.
The black mamba hisses angrily.
Unknown command.
The black mamba barely misses you.
Casting: Freeze (safe; 1% risk of failure)
Confirm with . or Enter, or press ? or * to list all spells.
Aiming: Freeze (safe; 1% risk of failure)
Press: ? - help, Shift-Dir - straight line, f - black mamba
Aim: a black mamba (ally target)
You freeze the black mamba.
The black mamba is lightly wounded.
The black mamba bites you. x2
Casting: Freeze (safe; 1% risk of failure)
Confirm with . or Enter, or press ? or * to list all spells.
Aiming: Freeze (safe; 1% risk of failure)
Press: ? - help, Shift-Dir - straight line, f/p - black mamba
Aim: a black mamba (ally target)
You freeze the black mamba.
The black mamba is lightly wounded.
The black mamba bites you but does no damage.
Casting: Freeze (safe; 1% risk of failure)
Confirm with . or Enter, or press ? or * to list all spells.
Aiming: Freeze (safe; 1% risk of failure)
Press: ? - help, Shift-Dir - straight line, f/p - black mamba
Aim: a black mamba (lightly wounded, ally target)
You freeze the black mamba.
The black mamba is lightly wounded.
Your ice beast disappears in a puff of smoke!
The black mamba closely misses you. The black mamba barely misses you.
You barely miss the black mamba.
The black mamba is lightly wounded.
The black mamba bites you but does no damage.
The black mamba completely misses you. The black mamba barely misses you.
You hit the black mamba but do no damage.
You bite the black mamba! You drain its power.
You feel invigorated.
The black mamba is moderately wounded.
The black mamba barely misses you. The black mamba bites you!
The black mamba bites you but does no damage.
Casting: Freeze (safe; 1% risk of failure)
Confirm with . or Enter, or press ? or * to list all spells.
A film of ice covers your body!
The black mamba bites you but does no damage. x2
Casting: Ozocubu's Armour (safe; 1% risk of failure)
Confirm with . or Enter, or press ? or * to list all spells.
Aiming: Freeze (safe; 1% risk of failure)
Press: ? - help, Shift-Dir - straight line, f/p - black mamba
Aim: a black mamba (moderately wounded)
You freeze the black mamba!
The black mamba is heavily wounded.
The black mamba misses you. The black mamba bites you.
Casting: Freeze (safe; 1% risk of failure)
Confirm with . or Enter, or press ? or * to list all spells.
Aiming: Freeze (safe; 1% risk of failure)
Press: ? - help, Shift-Dir - straight line, f/p - black mamba
Aim: a black mamba (heavily wounded)
You freeze the black mamba.
The black mamba is severely wounded.
The black mamba bites you.
You are poisoned.
The black mamba poisons you!
The black mamba bites you but does no damage.
You miss the black mamba. You bite the black mamba. You drain its power.
You feel invigorated.
The black mamba is severely wounded.
You feel extremely sick. The black mamba bites you.
You are more poisoned.
The black mamba poisons you! The black mamba bites you.
You are more poisoned.
The black mamba poisons you! The black mamba bites you!
You are more poisoned.
The black mamba poisons you!
You closely miss the black mamba. Your bite misses the black mamba.
The black mamba is severely wounded.
* * * LOW HITPOINT WARNING * * *
You feel extremely sick. The black mamba bites you.
* * * LOW HITPOINT WARNING * * *
The black mamba bites you but does no damage.
The black mamba barely misses you.
Okay, then.
You turn into a tree.
Your +0 cloak melds into your body.
Your +2 pair of boots melds into your body.
Your +0 steam dragon scales melds into your body.
Your roots penetrate the ground.
* * * LOW HITPOINT WARNING * * *
You feel extremely sick.
The black mamba bites you but does no damage. x2
Okay, then.
Okay, then.
Okay, then.
Unknown command.
Unknown command.
Unknown command.
A red film seems to cover your vision as you go berserk!
You feel yourself moving faster!
You feel mighty!
You die...

...............
...............
...............
..P.............
..#.............
................
........?.......
.#......♣.......
#.......S.......
................#
##.........#....
#..........#....
##........##...#
......##...#....#
.##..............
.....P#...###.##


You could see a black mamba.

Vanquished Creatures
  3 hydras
  2 death yaks
  A two-headed ogre (D:8)
  2 skysharks
  A lindwurm (Lair:5)
  11 elephants
  2 black mambas
  A torpor snail (Lair:5)
  2 rime drakes (Lair:2)
  8 cane toads
  7 komodo dragons
  6 polar bears
  3 hornets (Lair:5)
  6 blink frogs
  8 dream sheep (Lair:5)
  38 yaks
  A basilisk (Lair:2)
  8 spriggans (Lair:5)
  Eustachio (D:4)
  2 steam dragons
  Menkaure (D:4)
  8 water moccasins
  Pargi (Sewer)
  An ice beast (D:6)
  3 black bears
  A boggart (Lair:5)
  12 wolves
  A centaur (Lair:3)
  3 ogres
  2 phantoms
  An elf zombie (Ossuary)
  11 bullfrogs
  Blork the orc (D:5)
  2 scorpions (D:6)
  6 killer bees
  A hound (D:7)
  3 centaur zombies (Ossuary)
  2 human zombies (Ossuary)
  A bombardier beetle (D:4)
  4 jellies
  An iguana (D:5)
  Natasha (thrice) (D:3)
  2 orc wizards
  4 hound zombies (Ossuary)
  2 mummies (Ossuary)
  4 adders
  A shadow imp (D:6)
  A white imp (D:7)
  6 adder zombies (Ossuary)
  3 ribbon worms
  17 orcs
  A ball python (D:3)
  2 bats
  6 endoplasms
  3 giant cockroaches
  4 goblins
  5 hobgoblins
  9 jackals
  A quokka (D:3)
  3 frilled lizards
  2 gnoll zombies (Ossuary)
  9 jackal zombies (Ossuary)
  7 kobolds
  2 kobold zombies (Ossuary)
  5 orc zombies (Ossuary)
  A rat (D:2)
282 creatures vanquished.

Vanquished Creatures (collateral kills)
  3 hydras
  An elephant (Lair:5)
  2 cane toads (Lair:5)
  A komodo dragon (Lair:2)
  A blink frog (Lair:2)
  2 hornets
  2 dream sheep (Lair:5)
  6 spriggans (Lair:5)
  A wyvern (Lair:5)
  7 yaks
  A steam dragon (D:6)
  Edmund (D:6)
  3 nagas (Lair:3)
  A water moccasin (Lair:1)
  An orc warrior (D:7)
  A black bear (Lair:5)
  2 boggarts (Lair:5)
  7 wolves (Lair:5)
  2 centaurs (Lair:3)
  An ogre (D:5)
  5 bullfrogs
  A scorpion (D:9)
  3 wights (D:7)
  An electric eel (Lair:2)
  A jelly (Lair:4)
  An orc wizard (D:7)
  2 ufetubi (D:6)
  6 orcs
  A gnoll zombie (Ossuary)
  A kobold zombie (Ossuary)
68 creatures vanquished.

Grand Total: 350 creatures vanquished

Notes
Turn   | Place    | Note
-------+----------+-------------------------------------------
     0 | D:1      | Flugkiller the Vine Stalker Ice Elementalist began the
                  | quest for the Orb.
     0 | D:1      | Reached XP level 1. HP: 9/9 MP: 4/4
   162 | D:2      | Found a glowing golden altar of the Shining One.
   185 | D:2      | Reached XP level 2. HP: 13/13 MP: 3/6
   326 | D:2      | Reached XP level 3. HP: 16/16 MP: 4/8
   356 | D:3      | Noticed Natasha
   368 | D:3      | Learned a level 3 spell: Frozen Ramparts
   372 | D:3      | Learned a level 3 spell: Ozocubu's Armour
   409 | D:3      | Killed Natasha
   410 | D:3      | Reached XP level 4. HP: 21/21 MP: 3/10
   437 | D:3      | Found a glowing drain.
   475 | Sewer    | Entered a sewer
   533 | Sewer    | Noticed Pargi
   542 | Sewer    | Killed Pargi
   543 | Sewer    | Reached skill level 5 in Ice Magic
   543 | Sewer    | Reached XP level 5. HP: 24/24 MP: 2/12
   797 | D:3      | Found a radiant altar of Vehumet.
   801 | D:3      | Noticed Natasha
   807 | D:3      | Found a blossoming altar of Fedhas.
   807 | D:3      | Found an ancient bone altar of Kikubaaqudgha.
   811 | D:3      | Killed Natasha
   812 | D:3      | Reached XP level 6. HP: 28/28 MP: 7/13
   814 | D:3      | Noticed Natasha
   821 | D:3      | Killed Natasha
   831 | D:4      | Learned a level 3 spell: Summon Ice Beast
   839 | D:4      | Found Doirog's Jewellery Shoppe.
   887 | D:4      | Noticed Menkaure
   893 | D:4      | Killed Menkaure
   894 | D:4      | Reached skill level 5 in Spellcasting
   956 | D:4      | Reached XP level 7. HP: 32/32 MP: 5/16
  1038 | D:5      | Entered Level 5 of the Dungeon
  1043 | D:5      | Found a staircase to the Ecumenical Temple.
  1049 | Temple   | Entered the Ecumenical Temple
  1058 | Temple   | Became a worshipper of Sif Muna the Loreminder
  1112 | D:5      | Noticed Blork the orc
  1130 | D:5      | Killed Blork the orc
  1242 | D:5      | Found an iron altar of Okawaru.
  1274 | D:6      | Gained mutation: You have razor-sharp teeth. [Vine Stalker
                  | growth]
  1274 | D:6      | Reached XP level 8. HP: 36/36 MP: 5/19
  1322 | D:6      | Identified the +0 whip of Impeachment {spect, rC+ Int+3
                  | Dex+2}
  1374 | D:6      | Noticed Edmund
  1404 | D:6      | Killed Edmund
  1437 | D:6      | Learned a level 5 spell: Irradiate
  1443 | D:6      | Found a sand-covered staircase.
  1457 | D:6      | Reached * piety under Sif Muna
  1460 | Ossuary  | Entered an ossuary
  1546 | Ossuary  | Reached skill level 1 in Conjurations
  1546 | Ossuary  | Reached skill level 1 in Alchemy
  1551 | Ossuary  | Reached XP level 9. HP: 40/40 MP: 19/23
  1555 | Ossuary  | Reached skill level 1 in Fighting
  1578 | Ossuary  | Reached ** piety under Sif Muna
  1734 | D:4      | Noticed Eustachio
  1751 | D:4      | Killed Eustachio
  1797 | D:5      | Found a bloodstained altar of Trog.
  2017 | D:8      | Reached skill level 10 in Spellcasting
  2050 | D:8      | Noticed a two-headed ogre
  2065 | D:8      | Killed a two-headed ogre
  2066 | D:8      | Reached XP level 10. HP: 49/49 MP: 19/25
  2254 | D:8      | Reached skill level 5 in Conjurations
  2254 | D:8      | Reached skill level 5 in Alchemy
  2428 | D:9      | Found a staircase to the Lair.
  2437 | Lair:1   | Entered Level 1 of the Lair of Beasts
  2473 | Lair:2   | Noticed a black mamba
  2500 | Lair:1   | Killed a black mamba
  2542 | Lair:2   | Reached skill level 5 in Invocations
  2542 | Lair:2   | Reached XP level 11. HP: 53/53 MP: 7/26
  2740 | Lair:2   | Reached *** piety under Sif Muna
  2805 | Lair:2   | Reached skill level 1 in Summonings
  2957 | Lair:2   | Noticed a five-headed hydra
  2984 | Lair:2   | Killed a five-headed hydra
  3042 | Lair:2   | Noticed a death yak
  3064 | Lair:2   | Killed a death yak
  3078 | Lair:2   | Noticed a seven-headed hydra
  3105 | Lair:2   | Killed a seven-headed hydra
  3106 | Lair:2   | Reached XP level 12. HP: 56/58 MP: 12/28
  3158 | Lair:2   | Reached skill level 5 in Summonings
  3369 | Lair:3   | Found a staircase to the Snake Pit.
  3401 | Lair:3   | Found a transporter.
  3412 | Lair:3   | Found a transporter.
  3431 | Lair:3   | Found a staircase to the Shoals.
  3539 | Lair:4   | Noticed a skyshark
  3562 | Lair:4   | You fall into a shaft and drop 1 floor!
  3562 | Lair:5   | Entered Level 5 of the Lair of Beasts
  3562 | Lair:5   | Noticed an eight-headed hydra
  3570 | Lair:5   | Noticed a five-headed hydra
  3660 | Lair:5   | Paralysed by a hornet for 1 turns
  3663 | Lair:5   | Reached **** piety under Sif Muna
  3727 | Lair:5   | Reached skill level 10 in Conjurations
  3728 | Lair:5   | Killed an eight-headed hydra
  3767 | Lair:5   | Noticed a skyshark
  3775 | Lair:5   | Reached XP level 13. HP: 46/61 MP: 8/30
  4250 | Lair:5   | Reached ***** piety under Sif Muna
  4254 | Lair:5   | Reached skill level 10 in Summonings
  4466 | Lair:5   | Identified the ring "Iddoogo" {Ice rElec rCorr Str-4}
  4469 | Lair:5   | Got an earthy gem with 1658 turns to spare
  4499 | Lair:5   | Received a gift from Sif Muna
  4500 | Lair:5   | Got Sif Muna's Codex of Combat Magic and Terrain {god gift}
  4751 | Lair:4   | Reached XP level 14. HP: 65/66 MP: 15/31
  4815 | Lair:4   | Succumbed to a black mamba's poison

Illustrated notes

Levels and vault maps discovered:
D:1:      ebering_trefoil_3fold, layout_basic
D:2:      layout_basic, basic_altar
D:3:      layout_loops_ring, gammafunk_temple_overflow_forgotten,
          general_overflow_altar, cheibrodos_sewer_entry_drain, corexii_shack,
          minivault_4, uniq_natasha
D:4:      layout_basic, nzn_wu_jian_contemplation, serial_shops,
          nicolae_shop_rolling_square, guppyfry_early_lair_pool,
          uniq_crazy_yiuf_cottage, uniq_eustachio, uniq_menkaure
D:5:      layout_cave_pools, trog_book, lemuel_round_altar,
          minmay_temple_entry_arrows, uniq_blork_the_orc
D:6:      layout_cave_pools, nicolae_ossuary_entry_ruins,
          hangedman_abyss_or_decor_stabs, minmay_misc_feat_tower, st_stairs_8,
          grunt_decor_fettered, uniq_sigmund, uniq_edmund
D:7:      layout_basic
D:8:      layout_basic, serial_shops, kennysheep_mini_moat, grunt_ministairs_13
D:9:      layout_roguey, kennysheep_mini, grunt_lair_entry_orc_guard_hut
Temple:   compressed_dpeg_triangle_lava_temple
Lair:1:   layout_concentric_octagons, minivault_24
Lair:2:   nzn_winding_woodlands_medium [nzn_winding_woodlands_5x5_checkerboard,
          nzn_winding_woodlands_5x15_river_crossing,
          nzn_winding_woodlands_5x5_closed_star,
          nzn_winding_woodlands_5x5_cross,
          nzn_winding_woodlands_center_pierced_h,
          nzn_winding_woodlands_5x5_three, nzn_winding_woodlands_hourglass,
          nzn_winding_woodlands_5x15_sidewinder,
          nzn_winding_woodlands_5x5_default], layout_layer_cave
Lair:3:   layout_layer_cave, minmay_shoals_entry_centaurs,
          minmay_snake_entry_guardpost_small, nzn_ghost_randoct,
          nicolae_lair_lakeside_cave
Lair:4:   layout_gridlike, nicolae_slime_entry_slimehenge, basic_altar,
          lemuel_fruit_tree
Lair:5:   minmay_lair_end_enchanted_forest, layout_cave_pods,
          serial_bayou_pond_e

Skill      XL: |  1  2  3  4  5  6  7  8  9 10 11 12 13 |
---------------+----------------------------------------+-----
Spellcasting   | 3 4 5 7 9 10 11 12 | 12.0
Ice Magic      | 5 6 7 |  7.0
Conjurations   | 1 4 6 8 10 12 | 12.0
Alchemy        | 1 4 6 |  6.7
Fighting       | 3 4 |  4.0
Invocations    | 5 7 |  7.0
Summonings     | 4 8 12 | 12.4
Dodging        | |  1.5
Stealth        | |  2.4

Action                     |  1- 3 |  4- 6 |  7- 9 | 10-12 | 13-15 || total
---------------------------+-------+-------+-------+-------+-------++-------
  Melee: Unarmed           |     9 |       |       |       |       ||     9
         Bite              |     5 |     3 |    41 |    51 |    86 ||   186
         Staff             |    16 |    14 |    33 |   119 |    96 ||   278
         Whip              |       |       |    38 |     3 |       ||    41
         Glaive            |       |       |    61 |     3 |    81 ||   145
         Punch             |       |       |     2 |     2 |     3 ||     7
   Cast: Freeze            |    25 |    26 |    19 |    69 |    76 ||   215
         Frozen Ramparts   |     1 |    11 |    19 |    38 |    17 ||    86
         Ozocubu's Armour  |       |     2 |     3 |    19 |    17 ||    41
         Summon Ice Beast  |       |       |    15 |    31 |    18 ||    64
         Irradiate         |       |       |       |    15 |     8 ||    23
 Invoke: Channel Magic     |       |       |       |     8 |     5 ||    13
  Evoke: Wand              |       |     2 |     3 |     4 |     8 ||    17
         Phantom mirror    |       |       |       |     1 |     1 ||     2
         Box of beasts     |       |       |       |     1 |       ||     1
         Tin of tremorston |       |       |       |       |     2 ||     2
    Use: Scroll            |       |     6 |     6 |     9 |       ||    21
         Potion            |       |       |       |     5 |     2 ||     7
   Stab: Sleeping          |     1 |       |     2 |       |       ||     3
         Paralysed         |       |       |       |     3 |       ||     3
         Distracted        |       |       |       |     3 |     2 ||     5
 Armour: Robe              |    24 |    15 |   196 |    31 |       ||   266
         Steam dragon scal |       |       |       |   245 |   498 ||   743
         Skin              |       |       |       |    18 |     2 ||    20
  Dodge: Dodged            |    41 |    26 |   176 |   155 |   287 ||   685
